Map: Oceanborn LE

Players

IIIIIlllII

  • Race: Terran Terran
  • League: Master
  • Spawn Location: 5:00

cks - Winner!

  • Race: Terran Terran
  • League: Master
  • Spawn Location: 11:00

VOD

Have the link to the VOD?

Description

Time

  • Played on: Sept. 7, 2024, 1:29 p.m.
  • Length: 28:52
Show
View Real Time Build Order
Export as new Build Order

IIIIIlllII Terran 

Build Orders:  

Get SALT Encoding   

  12  0:00  SCV  
  13  0:12  SCV  
  14  0:18  Supply Depot  
  14  0:24  SCV  
  15  0:40  Barracks  
  15  0:44  Refinery  
  15  0:55  Barracks  
  15  0:59  SCV  
  16  1:10  Refinery  
  16  1:23  Barracks  
  16  1:28  SCV  
  17  1:40  SCV  
  17  1:43  Reaper  
  19  1:50  Reaper  
  20  1:58  Orbital Command  
  20  2:10  Reaper  
  20  2:15  Reaper  
  22  2:20  Supply Depot  
  22  2:22  Reaper  
  23  2:32  SCV  
  23  2:42  Reaper  
  24  2:44  SCV  
  24  2:47  Reaper  
  25  2:55  Reaper  
  25  3:14  Reaper  
  25  3:19  Reaper  
  26  3:22  SCV  
  27  3:27  Reaper  
  25  3:43  SCV  
  25  3:46  Reaper  
  26  3:51  Reaper  
  26  3:54  Factory  
  27  3:55  SCV  
  27  3:57  Command Center  
  27  3:59  Supply Depot  
  27  4:01  Reaper  
  29  4:08  SCV  
  30  4:20  SCV  
  30  4:21  Reaper  
  30  4:23  Reaper, Engineering Bay  
  33  4:27  Supply Depot  
  33  4:32  SCV  
  33  4:33  Reaper  
  35  4:44  SCV  
  34  4:58  Reaper  
  34  5:00  Reaper  
  34  5:01  SCV  
  36  5:09  Missile Turret, Cyclone  
  36  5:10  Orbital Command  
  36  5:14  SCV  
  39  5:17  Reaper, Missile Turret  
  40  5:23  Starport  
  41  5:28  SCV  
  41  5:31  Missile Turret  
  41  5:33  Reaper  
  42  5:42  SCV  
  43  5:43  Factory Tech Lab  
  43  5:45  SCV  
  38  6:09  SCV  
  38  6:11  Viking, Siege Tank  
  42  6:14  Barracks, SCV  
  45  6:21  SCV  
  45  6:25  Orbital Command  
  46  6:31  Missile Turret  
  46  6:32  Missile Turret  
  46  6:34  SCV  
  46  6:35  Missile Turret  
  46  6:36  Supply Depot  
  47  6:44  Siege Tank  
  50  6:47  Viking  
  50  6:48  SCV  
  50  6:50  SCV  
  54  6:54  Refinery x2  
  54  7:01  SCV  
  55  7:02  SCV  
  55  7:04  Barracks Tech Lab  
  56  7:09  Supply Depot  
  56  7:13  SCV  
  56  7:14  SCV  
  55  7:26  SCV  
  55  7:27  SCV  
  57  7:31  Viking  
  57  7:32  Stimpack  
  57  7:33  Marine  
  60  7:38  Command Center  
  60  7:39  SCV x2  
  60  7:41  Supply Depot  
  60  7:44  Missile Turret  
  62  7:47  Siege Tank  
  62  7:51  SCV x2  
  67  8:05  Medivac  
  69  8:06  Marine  
  69  8:10  Barracks x2  
  70  8:13  SCV x2  
  70  8:15  Barracks Reactor  
  70  8:16  Barracks Reactor  
  72  8:32  Siege Tank  
  74  8:36  Terran Infantry Weapons Level 1  
  74  8:38  Engineering Bay, SCV x2  
  76  8:41  Starport Reactor  
  76  8:43  Armory  
  76  8:50  Marine  
  76  8:51  Marine x2, Orbital Command  
  76  8:53  Marine x2  
  81  8:57  SCV x2  
  81  9:02  Missile Turret, Supply Depot  
  83  9:07  Siege Tank  
  83  9:08  Barracks Reactor x2, Marine  
  83  9:09  SCV x2  
  89  9:12  Marine, Orbital Command  
  89  9:13  Terran Infantry Armor Level 1  
  89  9:14  Combat Shield, Marine x2  
  92  9:27  Missile Turret, Refinery, SCV x2  
  92  9:28  Sensor Tower  
  92  9:30  Missile Turret, Refinery  
  94  9:38  SCV  
  95  9:39  SCV x2  
  97  9:46  Siege Tank  
  97  9:49  Medivac  
  97  9:50  Medivac  
  97  9:51  Marine x4  
  108  9:55  Supply Depot, SCV  
  108  9:57  Supply Depot  
  108  9:59  Supply Depot  
  109  10:12  Supply Depot x2  
  109  10:13  Terran Vehicle Weapons Level 1  
  109  10:16  Marine x4, SCV x2  
  109  10:17  Supply Depot, Marine  
  109  10:18  Siege Tank, Marine x4  
  123  10:21  Factory  
  123  10:31  Viking x2  
  123  10:33  Terran Infantry Weapons Level 2  
  127  10:39  Starport  
  127  10:48  Marine  
  127  10:49  Marine x8  
  136  10:51  Siege Tank  
  136  10:56  Command Center  
  139  11:03  Command Center  
  139  11:06  Marine  
  139  11:07  Factory Tech Lab, Marine x2  
  139  11:10  Marine x2  
  144  11:14  Terran Infantry Armor Level 2  
  144  11:16  Starport Reactor  
  143  11:23  Marine x3  
  146  11:28  Marine  
  146  11:29  Marine x2  
  149  11:39  Siege Tank x2  
  155  11:40  Marine x2  
  155  11:43  Supply Depot  
  155  11:46  Liberator x2  
  142  12:13  Siege Tank  
  142  12:14  Siege Tank, Marine x4  
  135  12:18  Orbital Command  
  131  12:24  Marine x5  
  133  12:32  Marine x4  
  133  12:34  Viking x2  
  133  12:36  Viking x2  
  144  12:41  Marine  
  144  12:42  Marine x4  
  149  12:45  Siege Tank  
  149  12:46  Siege Tank  
  149  12:50  Marine x2  
  133  13:00  Marine x3  
  133  13:01  Planetary Fortress  
  136  13:09  Marine  
  136  13:10  Marine x5  
  136  13:11  Viking x2  
  146  13:18  Siege Tank x2, Marine x3  
  155  13:25  Fusion Core  
  155  13:30  Refinery  
  155  13:31  Refinery  
  155  13:35  SCV x4  
  155  13:37  Marine  
  155  13:38  Marine x4  
  163  13:45  Terran Infantry Weapons Level 3  
  163  13:46  Terran Infantry Armor Level 3  
  163  13:47  SCV  
  164  13:50  Siege Tank x2  
  170  14:02  Command Center  
  170  14:03  Command Center  
  170  14:07  Marine x2  
  170  14:08  Missile Turret  
  172  14:10  Marine x2  
  172  14:11  Medivac x2  
  172  14:12  Viking  
  172  14:13  Caduceus Reactor  
  180  14:19  Medivac  
  180  14:23  Marine  
  180  14:24  Marine x2  
  185  14:28  Sensor Tower  
  135  14:51  Missile Turret  
  135  14:52  Missile Turret  
  135  14:58  Siege Tank x2, Marine x3  
  134  15:08  Marine x4  
  134  15:09  Marine x2  
  133  15:15  Marine x2  
  133  15:16  Marine  
  130  15:26  Marine x4  
  130  15:27  Marine x2  
  131  15:30  Siege Tank x2, Orbital Command  
  131  15:33  Marine x2  
  131  15:34  Marine  
  140  15:41  Viking x2, Liberator  
  147  15:43  Liberator  
  147  15:44  Marine x4  
  147  15:45  Marine x2  
  156  15:51  Marine  
  156  15:56  Missile Turret x2  
  157  16:02  Siege Tank x2  
  160  16:13  Orbital Command  
  160  16:20  Viking, Liberator  
  160  16:21  Marine  
  160  16:22  Marine x3  
  169  16:26  Advanced Ballistics  
  169  16:29  Marine  
  169  16:30  Marauder, Marine x3  
  175  16:39  Siege Tank x2, Sensor Tower, Marine  
  182  16:40  Marine x3  
  182  16:43  SCV  
  186  16:51  Marauder, Marine x2  
  186  16:52  Marine  
  191  16:55  SCV  
  192  17:07  Viking x2, SCV  
  197  17:18  Siege Tank  
  158  17:46  Marine  
  158  17:47  Marine  
  158  17:48  Marine  
  161  18:01  Marine  
  161  18:02  Siege Tank x2, Marine x5  
  161  18:04  Marine, SCV  
  175  18:09  Refinery, Marine  
  175  18:11  Refinery  
  176  18:16  SCV  
  176  18:17  Marine  
  176  18:19  Marine x3  
  178  18:20  Marine x3  
  178  18:21  Barracks  
  178  18:22  Marine  
  178  18:23  Command Center, Barracks  
  184  18:27  Marine  
  184  18:28  SCV  
  184  18:29  Barracks  
  184  18:31  Viking x2, Command Center, Liberator  
  192  18:34  Siege Tank, Marine  
  192  18:35  Siege Tank  
  192  18:40  SCV  
  199  18:52  SCV  
  190  19:20  Siege Tank x2  
  188  19:44  Neosteel Armor  
  188  19:45  Hi-Sec Auto Tracking, Terran Vehicle Weapons Level 2  
  185  19:47  Planetary Fortress  
  185  19:50  Refinery  
  185  19:51  Missile Turret  
  185  19:52  Refinery  
  179  19:54  Missile Turret, Orbital Command  
  179  19:56  Marine x2  
  179  19:59  Marine x4  
  177  20:00  Siege Tank x2  
  183  20:07  Medivac x4  
  183  20:12  Missile Turret  
  190  20:15  Missile Turret  
  177  20:32  Missile Turret  
  177  20:34  SCV  
  178  20:38  Missile Turret  
  174  20:46  SCV  
  123  20:55  Missile Turret  
  107  20:58  SCV  
  107  21:01  Marine x9  
  107  21:02  Marine x3  
  115  21:10  SCV  
  114  21:16  Refinery  
  114  21:17  Refinery  
  112  21:19  Marine x5  
  112  21:22  SCV  
  118  21:26  Command Center  
  118  21:28  Marine, SCV  
  118  21:29  Marine x3  
  118  21:30  Siege Tank x2  
  131  21:33  Barracks Tech Lab x2  
  131  21:35  Barracks Reactor  
  131  21:36  Marine  
  131  21:37  Marine x4  
  134  21:40  SCV  
  134  21:44  Viking x2, Liberator x2  
  134  21:46  Marine  
  145  21:47  Marine  
  146  22:02  Siege Tank  
  123  22:11  Marine x2  
  123  22:12  Marine x3  
  123  22:13  Siege Tank  
  123  22:14  Liberator x2  
  125  22:27  Liberator  
  125  22:28  Viking  
  130  22:34  Siege Tank, Marine  
  130  22:35  Marine x4  
  138  22:45  Siege Tank  
  138  22:50  Marine  
  138  22:51  Marine x7  
  125  22:52  Marine  
  125  22:53  Marine x4, Orbital Command  
  137  23:00  SCV  
  137  23:03  Command Center  
  138  23:06  Siege Tank  
  138  23:08  Marine  
  138  23:09  Marine x3  
  138  23:12  SCV  
  146  23:15  Missile Turret, Marine  
  146  23:16  Missile Turret  
  146  23:18  Marine  
  146  23:19  Siege Tank  
  151  23:21  Medivac x2  
  151  23:24  SCV  
  151  23:26  Marine x8  
  164  23:36  SCV  
  164  23:38  Viking x2, Siege Tank  
  159  23:51  Viking x2, Siege Tank  
  159  23:53  Marine x2  
  168  24:08  Viking x2  
  163  24:10  Siege Tank  
  163  24:16  Starport  
  152  24:17  Starport, Factory  
  152  24:21  Viking x2  
  152  24:23  Siege Tank  
  157  24:28  Marine x12  
  169  24:38  Viking x2  
  171  24:42  Siege Tank  
  171  24:44  Terran Vehicle Weapons Level 3  
  173  24:51  Viking x2, Planetary Fortress  
  177  24:55  Siege Tank, SCV x3  
  182  25:03  SCV x2  
  182  25:04  SCV  
  182  25:07  SCV  
  182  25:08  Viking, Liberator  
  187  25:15  Siege Tank  
  187  25:17  Missile Turret  
  187  25:18  Missile Turret  
  187  25:21  Liberator  
  186  25:25  Marine x2  
  172  25:38  Missile Turret  
  172  25:40  Missile Turret  
  172  25:42  Marine x3  
  147  25:46  Marine x4  
  148  25:51  Marine x2  
  148  25:52  Siege Tank x2  
  148  25:53  Missile Turret, Factory Tech Lab  
  156  25:57  Missile Turret  
  156  25:58  Missile Turret  
  145  26:19  Liberator x2  
  145  26:24  Siege Tank  
  152  26:31  Marine  
  152  26:32  Siege Tank x2, Marine x2  
  161  26:51  Marine  
  161  26:52  Marine  
  163  26:56  Viking x2  
  155  27:11  Marine  
  155  27:12  Marine x2  
  144  27:17  Viking  
  144  27:18  Viking x2  
  129  27:30  Missile Turret x2  
  129  27:32  Missile Turret  
  129  27:34  Marine x3  
  129  27:35  Marine x9  
  136  27:45  Refinery  
  136  27:54  Refinery  
  134  27:58  Marine  
  134  27:59  Marine x2  
  134  28:03  Siege Tank x2, Marine x4  
  142  28:16  Viking  
Show
View Real Time Build Order
Export as new Build Order

cks Terran - Winner!

Build Orders:  

Get SALT Encoding   

  12  0:00  SCV  
  13  0:12  SCV  
  14  0:17  Supply Depot  
  14  0:24  SCV  
  15  0:38  SCV  
  15  0:40  Barracks  
  16  0:43  Refinery  
  16  0:50  SCV  
  17  1:02  SCV  
  18  1:15  SCV  
  19  1:26  Barracks  
  19  1:27  SCV  
  19  1:28  Marine  
  21  1:33  Supply Depot  
  21  1:39  SCV  
  22  1:42  Refinery  
  22  1:46  Marine  
  23  1:55  SCV  
  23  1:59  Bunker  
  24  2:04  Marine  
  24  2:07  SCV  
  26  2:15  Marine  
  27  2:18  Factory  
  27  2:21  SCV  
  27  2:22  Marine  
  29  2:32  Marine  
  27  2:40  Marine  
  27  2:42  SCV  
  29  2:50  Marine  
  30  2:57  Marine  
  30  3:08  Marine  
  30  3:15  Marine  
  30  3:20  Starport  
  30  3:22  Supply Depot  
  30  3:25  Cyclone  
  30  3:26  Marine  
  31  3:37  Marine  
  31  3:44  Marine  
  32  3:51  Orbital Command  
  32  3:55  Marine  
  32  3:56  Starport Tech Lab  
  32  3:58  Factory Tech Lab  
  32  4:02  Marine  
  33  4:11  Supply Depot  
  33  4:15  Banshee  
  36  4:18  Cloaking Field  
  36  4:28  Siege Tank  
  39  4:32  SCV  
  40  4:39  Marine x2  
  40  4:58  Banshee  
  41  5:00  SCV  
  41  5:04  Siege Tank  
  45  5:12  Supply Depot  
  45  5:30  Command Center  
  45  5:35  SCV  
  45  5:39  Barracks Reactor  
  45  5:41  Raven  
  48  5:46  Barracks Tech Lab  
  48  5:47  SCV  
  46  6:00  SCV  
  44  6:08  Interference Matrix  
  44  6:09  Stimpack  
  44  6:23  Command Center  
  44  6:24  SCV  
  45  6:36  Raven, SCV  
  48  6:40  Marine x2  
  48  6:41  Marine  
  51  6:49  SCV  
  52  7:01  SCV  
  51  7:10  Orbital Command  
  51  7:12  Barracks  
  51  7:13  SCV  
  48  7:25  SCV  
  48  7:28  Siege Tank  
  52  7:30  Engineering Bay  
  52  7:31  Engineering Bay  
  52  7:33  Viking  
  54  7:37  SCV  
  54  7:38  Viking  
  54  7:39  SCV  
  59  7:49  Orbital Command, SCV  
  59  7:52  SCV  
  59  7:53  Combat Shield  
  60  7:59  Terran Infantry Weapons Level 1  
  60  8:02  Terran Infantry Armor Level 1  
  60  8:03  SCV  
  60  8:04  SCV  
  62  8:07  Barracks Reactor  
  62  8:11  Refinery  
  62  8:12  Refinery  
  62  8:15  SCV  
  62  8:16  SCV  
  62  8:18  SCV  
  64  8:27  SCV  
  64  8:29  SCV  
  64  8:30  SCV  
  66  8:38  Marine  
  66  8:39  Marauder, SCV  
  66  8:40  Orbital Command  
  66  8:41  SCV  
  71  8:44  Marine x2  
  73  8:51  SCV  
  73  8:53  SCV  
  73  8:54  Armory  
  73  8:55  Barracks  
  75  8:56  Siege Tank, Marine  
  75  9:00  Marauder  
  75  9:02  Marine  
  82  9:03  SCV  
  82  9:05  SCV x2  
  85  9:13  Supply Depot  
  85  9:27  Supply Depot, Marine x3, SCV x3  
  85  9:28  Marauder  
  93  9:35  Siege Tank  
  93  9:36  Supply Depot  
  96  9:39  SCV x2  
  96  9:42  Barracks  
  96  9:43  Terran Vehicle Weapons Level 1  
  96  9:44  Factory, SCV  
  96  9:45  Barracks Reactor, Marine x2  
  101  9:49  Marine x2  
  103  9:53  SCV  
  103  9:55  SCV  
  103  9:57  SCV  
  106  10:00  Refinery  
  106  10:01  Refinery  
  106  10:03  Marine x2  
  106  10:05  SCV  
  106  10:06  Terran Infantry Weapons Level 2  
  106  10:07  Marine, SCV  
  109  10:09  Supply Depot  
  109  10:11  Terran Infantry Armor Level 2  
  109  10:14  Marine  
  111  10:15  SCV  
  111  10:21  Marine, SCV x2  
  116  10:30  Command Center, SCV  
  116  10:34  Supply Depot, SCV x2  
  116  10:35  Marine  
  120  10:36  Barracks Reactor  
  120  10:37  Factory Tech Lab  
  120  10:43  Marine x2, SCV  
  120  10:46  SCV  
  124  10:51  Orbital Command  
  124  10:52  Marine  
  124  10:55  Sensor Tower, Marine, SCV x2  
  124  10:56  Marauder  
  130  10:58  SCV  
  130  10:59  Supply Depot  
  130  11:00  Orbital Command  
  130  11:01  Marine x2  
  130  11:03  Supply Depot  
  133  11:14  Supply Depot  
  133  11:20  Marine, Medivac x2, SCV x2  
  133  11:24  Siege Tank, Marine  
  133  11:25  Marauder  
  146  11:28  Marauder, Marine  
  149  11:35  Marine x2  
  149  11:36  Marine  
  149  11:37  Supply Depot  
  149  11:38  Supply Depot, Marine  
  153  11:42  Missile Turret, Marine  
  153  11:45  Marine  
  153  11:46  Marine  
  156  11:48  Missile Turret x2  
  156  11:51  Marine  
  156  11:53  Marine  
  158  11:55  Marine  
  158  11:56  Marine  
  158  12:00  Marine  
  158  12:04  Marauder  
  143  12:09  Marauder  
  143  12:11  Marine  
  143  12:15  Marine x2  
  135  12:20  Marine x3  
  135  12:21  Planetary Fortress  
  135  12:22  SCV x3  
  141  12:25  Marauder  
  141  12:29  Marine  
  144  12:31  Marine  
  144  12:33  Marine x2  
  144  12:34  SCV  
  144  12:37  Siege Tank, Marine  
  151  12:38  Marine x2  
  154  12:46  Marine  
  154  12:47  Marine  
  154  12:51  Marine x2  
  146  12:55  Marine x3  
  135  12:59  Viking x2  
  135  13:01  Siege Tank  
  135  13:02  SCV x2  
  135  13:04  Marauder, SCV  
  135  13:05  Marine  
  148  13:11  SCV  
  148  13:12  Starport  
  147  13:13  Marine  
  147  13:14  Marauder, Marine  
  151  13:24  Command Center  
  151  13:25  Marine  
  151  13:26  Marauder  
  154  13:29  Terran Infantry Weapons Level 3  
  154  13:30  SCV  
  154  13:32  Marine  
  156  13:34  Marine  
  156  13:35  Marauder, Marine x2  
  156  13:36  Marine  
  156  13:39  Terran Infantry Armor Level 3  
  156  13:40  SCV  
  164  13:41  SCV  
  164  13:43  Marine  
  164  13:44  Siege Tank  
  164  13:47  Marine  
  169  13:48  Starport Reactor  
  169  13:49  Marine  
  169  13:50  SCV  
  169  13:52  Missile Turret  
  169  13:54  Missile Turret, Marine x2  
  173  13:56  SCV x2  
  173  13:57  Missile Turret, SCV  
  173  13:58  Marine  
  173  14:02  Marine x2  
  178  14:03  Sensor Tower  
  178  14:05  SCV  
  180  14:13  Supply Depot  
  180  14:15  Supply Depot  
  180  14:31  Marine x4  
  180  14:35  Siege Tank x2, Marauder x2  
  180  14:40  Marine  
  180  14:44  Marine  
  179  14:48  Marine  
  179  14:49  Marine x2, Medivac x2  
  179  14:50  Viking  
  179  14:51  Medivac  
  190  14:54  Marine  
  190  14:56  Marauder x2  
  190  14:57  Marine  
  196  15:02  Marine  
  196  15:06  Marine  
  196  15:07  Siege Tank x2, Marine x2  
  164  15:11  Marine  
  150  15:15  Marine  
  150  15:17  Marine x2  
  150  15:19  Medivac  
  150  15:20  Marine  
  153  15:24  Marine x3  
  155  15:29  Marine  
  155  15:32  Barracks  
  155  15:33  Marine, Barracks  
  155  15:35  Terran Vehicle Weapons Level 2, Marine x2  
  158  15:38  Marine  
  158  15:39  Siege Tank  
  158  15:40  Viking x2, Starport  
  158  15:42  Marine x3  
  168  15:43  Siege Tank  
  168  15:47  Marine  
  168  15:48  Refinery  
  168  15:49  Refinery  
  174  15:51  Marine  
  174  15:53  Marine x2  
  174  15:56  Marine  
  176  16:00  Marine x3  
  167  16:05  Marine  
  167  16:09  Marine  
  171  16:11  Siege Tank, Marauder x2  
  171  16:13  Marine  
  171  16:15  Siege Tank  
  171  16:17  Marine  
  171  16:18  Marine x2  
  182  16:23  Marine  
  186  16:27  Barracks Reactor, Marine  
  186  16:29  Barracks Reactor, Starport Reactor  
  186  16:30  Factory  
  186  16:31  Marine  
  187  16:32  Marauder  
  187  16:33  Marauder  
  187  16:35  Marine, Armory  
  187  16:36  Marine x2  
  190  16:41  Marine  
  190  16:43  Siege Tank, Planetary Fortress  
  194  16:48  Sensor Tower  
  198  16:54  Marauder x2, Marine  
  198  16:55  Command Center  
  198  16:58  Marine  
  198  16:59  Command Center  
  200  17:05  Concussive Shells  
  198  17:12  Missile Turret  
  198  17:13  Missile Turret  
  198  17:14  Refinery  
  198  17:16  SCV  
  199  17:24  Terran Vehicle And Ship Armor Level 1  
  199  17:32  Marine x3  
  199  17:33  Marauder x2, Marine x3  
  199  17:36  Marine  
  141  17:37  Marine x3  
  141  17:42  Siege Tank x2  
  129  17:46  Viking x3  
  129  17:48  Viking x2  
  129  17:50  Marine x3  
  129  17:51  Marine x3  
  141  17:53  Marine  
  141  17:55  Marine x3  
  146  17:59  Command Center  
  146  18:00  Factory Tech Lab  
  146  18:01  Viking  
  148  18:08  Marine x3  
  148  18:09  Marine x3  
  148  18:11  Marine  
  154  18:14  Siege Tank, Marine x3  
  154  18:15  Marauder x2  
  160  18:25  Marine  
  160  18:26  Marine x3  
  163  18:27  Marine x2  
  163  18:28  Sensor Tower  
  163  18:29  Viking x2  
  163  18:32  Marine x2  
  172  18:36  Marauder x2, Marine x2  
  177  18:43  Terran Vehicle Weapons Level 3  
  177  18:44  Marine x3  
  177  18:47  Marine  
  181  18:49  Marine  
  181  18:52  Missile Turret  
  181  18:53  Marine  
  181  18:54  Marine x2  
  185  18:56  Marine x2  
  185  19:02  Marine x2  
  192  19:03  Marine  
  192  19:07  Marine  
  192  19:08  Marine  
  196  19:14  Marine x2  
  196  19:16  Marine  
  194  19:22  SCV  
  194  19:23  Marine  
  196  19:25  Viking x2  
  196  19:26  Command Center, Marine  
  196  19:27  Marine x2  
  196  19:30  Marine  
  197  19:46  Marine  
  200  19:54  Planetary Fortress  
  200  19:55  Marine  
  200  19:56  Marauder  
  200  19:59  Marine  
  200  20:06  Neosteel Armor  
  200  20:07  Hi-Sec Auto Tracking  
  200  20:11  SCV  
  199  20:14  Sensor Tower, Marine  
  199  20:34  Siege Tank x2  
  200  20:39  Siege Tank  
  197  20:45  Marine  
  197  20:46  Marauder x2, Marine x5  
  181  20:55  Marine x3  
  184  21:02  Marine  
  184  21:03  Marine  
  166  21:04  Marine  
  166  21:06  Siege Tank x2  
  166  21:09  SCV x2  
  166  21:10  SCV  
  174  21:12  Marine  
  174  21:13  Marine x3  
  174  21:16  Marine  
  174  21:17  Marine  
  181  21:19  Terran Vehicle And Ship Armor Level 2  
  181  21:21  Medivac, SCV x2  
  181  21:22  SCV  
  181  21:24  Marine  
  182  21:26  Siege Tank, Marine  
  186  21:33  SCV  
  186  21:38  Missile Turret, Siege Tank  
  186  21:39  Refinery, Sensor Tower, Fusion Core  
  190  21:42  Missile Turret  
  190  21:49  Marine  
  190  21:50  Marauder  
  190  21:53  Marine x2  
  190  21:54  Marauder, Marine  
  191  21:59  Marine  
  191  22:00  Marine x2  
  186  22:11  Marauder, Marine  
  186  22:12  Marine x2  
  186  22:15  Marauder  
  191  22:17  Marine x2, Liberator x2  
  199  22:24  Marine  
  200  22:37  Planetary Fortress  
  200  22:39  Command Center  
  196  22:51  Viking x2  
  196  22:56  Smart Servos  
  200  23:10  Terran Ship Weapons Level 1, Fusion Core  
  200  23:16  Advanced Ballistics  
  200  23:17  Command Center  
  200  23:19  Refinery  
  199  23:21  Refinery, Marine x2  
  199  23:23  Refinery  
  200  23:29  Refinery  
  200  23:43  Marine  
  200  23:44  Marauder  
  200  24:09  Viking  
  198  24:18  Marine  
  198  24:20  Liberator  
  199  24:35  Orbital Command  
  199  24:41  Command Center  
  199  24:44  Marine  
  200  25:09  Marine x2  
  200  25:11  Command Center  
  200  25:19  Starport, Orbital Command  
  186  25:36  Marine x4  
  186  25:37  Marine x2  
  186  25:38  Marine x2  
  186  25:39  Marine x3  
  186  25:40  Marine  
  168  25:43  Command Center  
  168  25:44  Siege Tank x2  
  168  25:47  Liberator x2  
  168  25:48  Viking  
  168  25:49  Viking  
  184  25:54  Viking  
  186  26:03  Marine  
  186  26:04  Marauder  
  189  26:06  Marine x4  
  189  26:07  Marine x3  
  193  26:14  Viking  
  182  26:18  Viking  
  182  26:19  Viking  
  182  26:22  Marine x4  
  182  26:24  Viking, Marine x3  
  186  26:30  Viking x2, Marine  
  186  26:31  Marine x4  
  188  26:38  Siege Tank x2  
  188  26:39  Marine  
  193  26:40  Marine x3  
  193  26:42  Marine x3  
  199  26:48  Marine  
  198  27:05  Marine  
  198  27:06  Marauder, Marine x5  
  198  27:07  Marauder, Marine  
  171  27:09  Missile Turret, Marine x3  
  171  27:10  Siege Tank  
  171  27:11  Siege Tank  
  171  27:15  Viking x3  
  168  27:16  Viking x3  
  159  27:23  Marine  
  159  27:24  Marine x6  
  159  27:27  Marine  
  159  27:29  Marine x3  
  170  27:31  Planetary Fortress  
  170  27:32  Marine  
  169  27:38  Siege Tank  
  169  27:41  Marine x3  
  169  27:42  Siege Tank, Marine x3  
  169  27:44  Marine x2, Medivac  
  183  27:45  Viking x2, Medivac  
  191  27:52  Marine x3  
  191  27:53  Marine  
  192  27:59  Marine x4  
  192  28:00  Marine x2  
  192  28:03  Marauder  
  198  28:12  Marauder  
  200  28:21  Marine  
  200  28:23  Marine x2  
  200  28:28  Marine  
  200  28:29  Marauder, Marine  
Tags
 
Matchup
TvT
Race
Terran
Spawn Locations
Cross Positions
Add a new tag
Caveats
  • Supply blocks, unpowered buildings, or Contaminate may cause inaccurate times.
  • Supply counts are checked every 10 seconds.